Cogmind - Beta 15 @@@ ROGUE MODE // 2025.08.02 @ 12:54:56 Player: the Result: Self-destructed Performance ------------- Evolutions (3) 1500 Regions Visited (10) 2000 Robots Destroyed (98) 490 Value Destroyed (2087) 2087 Prototype IDs (16) 320 Alien Tech Used (0) 0 Bonus (352) 352 TOTAL SCORE: 6749 Bonus ------- High Alert Combat Kills 52 Met Imprinter 300 Cogmind --------- Core Integrity 152/700 Matter 300/300 Energy 97/100 System Corruption 0% Temperature Cool (0) Movement Treading (165) Location -6/Proximity Caves Parts ------- > --- POWER (2) -------- (None) > --- PROPULSION (4) --- Armored Treads Medium Treads > --- UTILITY (4) ------ Large Storage Unit Core Analyzer Microactuators > --- WEAPON (3) ------- Heavy Mace Katana CR-A16's Pointy Stick > --- INVENTORY (15) --- Micro Nuclear Core Light Angular Momentum Engine Cooling System High-capacity Storage Unit Seismic Detector Improved Melee Analysis Suite Transmission Jammer Improved Propulsion Shielding Authchip [Armor] Sensor Drone Bay (20/20) Hacking Drone Bay Cooled Pulse Rifle Cooled Pulse Rifle Precision Grenade Launcher Heavy Mace Peak State ------------ > --- POWER ------------ Improved Deuterium Engine > --- PROPULSION ------- Armored Treads Medium Treads Flexi-carbon Leg Myomer Leg > --- UTILITY ---------- Large Storage Unit Core Analyzer Bomb Factory No. 2 > --- WEAPON ----------- Heavy Mace Heavy Mace Katana > --- INVENTORY -------- Micro Nuclear Core Light Angular Momentum Engine Cooling System High-capacity Storage Unit Seismic Detector Improved Melee Analysis Suite Transmission Jammer Improved Propulsion Shielding Layered Medium Armor Plating Authchip [Armor] Sensor Drone Bay Cooled Pulse Rifle Cooled Pulse Rifle Rocket Launcher Heavy Mace [Rating: 54] Favorites ----------- Power Improved Deuterium Engine Engine Improved Deuterium Engine Power Core Micro Nuclear Core Propulsion Aluminum Leg Treads Armored Treads Leg Aluminum Leg Wheel Armored Huge Wheel Utility Seismic Detector Device Seismic Detector Storage Large Storage Unit Processor Core Analyzer Protection Light Armor Plating Weapon Heavy Mace Energy Gun Medium Laser Launcher Guided Missile Launcher Special Weapon Mining Laser Impact Weapon Heavy Mace Slashing Weapon Katana Piercing Weapon CR-A16's Pointy Stick Build | -11 -10 -10 -10 -9 -8 -7 -7 -7 -7 -6 ------- Run | Yrd Mat Min Exi Min Mat Fac Low Low Zio Pro Slots Evolved 6 | . . . . . 4 2 . . . . Power 1 | . . . . . . 1 . . . . Propulsion 2 | . . . . . 2 . . . . . Utility 2 | . . . . . 1 1 . . . . Weapon 1 | . . . . . 1 . . . . . Parts Attached 72 | 9 12 5 . 2 14 16 . 7 7 . Power 12 | 2 3 . . . 3 3 . 1 . . Engine 9 | 2 3 . . . 2 1 . 1 . . Core 3 | . . . . . 1 2 . . . . Reactor . | . . . . . . . . . . . Propulsion 16 | 2 2 2 . . 3 3 . 4 . . Treads 2 | . . . . . . . . 2 . . Leg 12 | 2 2 2 . . 1 3 . 2 . . Wheel 2 | . . . . . 2 . . . . . Hover . | . . . . . . . . . . . Flight . | . . . . . . . . . . . Utility 21 | 3 3 2 . 2 2 6 . 1 2 . Device 9 | 2 . 1 . 2 1 1 . . 2 . Storage 6 | 1 2 . . . 1 1 . 1 . . Processor 2 | . . . . . . 2 . . . . Hackware . | . . . . . . . . . . . Protection 4 | . 1 1 . . . 2 . . . . Artifact . | . . . . . . . . . . . Weapon 23 | 2 4 1 . . 6 4 . 1 5 . Energy Gun 13 | 2 2 1 . . 6 1 . . 1 . Energy Cannon . | . . . . . . . . . . . Ballistic Gun . | . . . . . . . . . . . Ballistic Cannon . | . . . . . . . . . . . Launcher 3 | . 1 . . . . . . . 2 . Special Weapon 1 | . 1 . . . . . . . . . Impact Weapon 4 | . . . . . . 3 . . 1 . Slashing Weapon 1 | . . . . . . . . 1 . . Piercing Weapon 1 | . . . . . . . . . 1 . Special Melee Weapon . | . . . . . . . . . . . Unidentified Prototypes 8 | . . 1 . 1 1 1 . . 4 . Corrupted Parts 1 | . . . . 1 . . . . . . System Corruption 3 | . . . . 3 . . . . . . Parts Lost 15 | . 2 . . . . 1 7 . 1 4 Power 4 | . 1 . . . . . 2 . . 1 Propulsion 6 | . . . . . . 1 3 . . 2 Utility 2 | . . . . . . . 1 . . 1 Weapon 3 | . 1 . . . . . 1 . 1 . Highest Loss Streak 5 | . 1 . . . . 1 5 . 1 4 To Critical Strikes . | . . . . . . . . . . . Average Backups 14 | 3 8 14 15 15 19 14 15 13 14 15 Power 1 | . 1 1 2 2 1 1 2 2 2 2 Propulsion 1 | 1 2 2 3 3 3 . . . . . Utility 6 | . 3 5 5 5 7 7 8 7 9 9 Weapon 4 | 1 2 4 5 5 5 5 5 4 3 4 Tool/Special . | . . . . . . . . . . . Unused Backups 21 | . 4 . . . 2 5 . . 2 8 Power 1 | . . . . . . . . . . 1 Propulsion 2 | . 2 . . . . . . . . . Utility 8 | . 1 . . . . 1 . . 1 5 Weapon 10 | . 1 . . . 2 4 . . 1 2 Tool/Special . | . . . . . . . . . . . Average Slot Usage (%) 88 | . 99 100 100 100 82 96 80 59 86 90 Engine 8 | . 13 14 14 14 2 10 2 2 7 6 Core 1 | . . . . . 6 3 6 . . . Treads 4 | . . . . . . . . 2 15 15 Leg 18 | . 28 28 28 28 2 25 17 5 15 14 Wheel 1 | . . . . . 16 . . . . . Device 11 | . 14 2 . 1 17 14 6 7 13 14 Storage 9 | . 14 14 14 14 9 7 7 7 7 7 Processor 5 | . . . . . . 3 15 15 8 7 Protection 2 | . . 11 14 12 . 3 . . . . Energy Gun 10 | . 23 27 28 27 25 1 . . . . Impact Weapon 8 | . . . . . . 21 22 15 9 7 Slashing Weapon 1 | . . . . . . . . 2 2 7 Peak Build Rating 54 | 7 8 25 18 25 43 47 35 46 54 52 Average Rating 31 | 5 7 15 18 18 39 37 30 28 48 50 On Entrance 23 | . 7 8 18 18 20 42 35 19 46 49 Naked Turns . | . . . . . . . . . . . Heaviest Build 71 | 15 31 35 35 46 63 71 45 39 47 53 Greatest Support 57 | 20 20 30 30 30 56 57 35 45 45 48 Greatest Overweight (x) 9 | . 1 1 1 1 1 1 9 8 1 1 Average Overweight (x) . | . . 1 1 1 . . 1 2 . . Largest Inventory Capacity 20 | 8 15 15 15 15 20 20 15 15 15 15 Average Capacity 14 | 7 9 15 15 15 19 15 15 15 15 15 Most Carried 20 | 6 12 15 15 15 20 20 15 15 15 15 Average Carried 14 | 3 8 14 15 15 19 14 15 13 14 15 Final Capacity 20 | 8 15 15 15 15 20 15 15 15 15 15 Final Carried 20 | 6 12 15 15 15 20 15 15 15 15 15 Class Distribution -------------------- 52% | Mutant 28% | Scavenger-Mutant 11% | Gunner 6% | Scavenger-Gladiator Dominant Class ---------------- Mutant | -10/Materials Mutant | -10/Mines Mutant | -10/Exiles Mutant | -9/Mines Gunner | -8/Materials Mutant | -7/Factory Mutant | -7/Lower Caves Mutant | -7/Lower Caves Scavenger-Mutant | -7/Zion Scavenger-Mutant | -6/Proximity Caves Resources | -11 -10 -10 -10 -9 -8 -7 -7 -7 -7 -6 ----------- Run | Yrd Mat Min Exi Min Mat Fac Low Low Zio Pro Matter Collected 1415 | 290 210 160 . 40 260 210 24 96 125 . Remotely . | . . . . . . . . . . . Salvage Created 3621 | 187 646 280 . 19 1440 467 135 447 . . Parts 184 | 14 34 24 . 4 89 8 . 11 . . Haulers Intercepted 5 | . 2 . . . 3 . . . . . Recyclers Shooed 1 | . 1 . . . . . . . . . Parts Field Recycled . | . . . . . . . . . . . Retrieved Matter . | . . . . . . . . . . . Parts Self-Destructed 13 | . . . . . . . . 12 1 . Prevented 2 | . . . . . . . . 1 . 1 Kills | -11 -10 -10 -10 -9 -8 -7 -7 -7 -7 -6 ------- Run | Yrd Mat Min Exi Min Mat Fac Low Low Zio Pro Combat Hostiles Destroyed 60 | . 8 10 . 3 27 7 2 3 . . Melee 9 | . . . . . . 5 1 3 . . Guns 33 | . 6 10 . . 17 . . . . . AOE 10 | . 2 . . 3 5 . . . . . Classes Destroyed 15 | 2 6 . . . 4 2 1 . . . Worker 7 | . 3 . . . 1 3 . . . . Builder 6 | . 2 . . . 3 1 . . . . Tunneler 6 | 4 . 1 . . . 1 . . . . Hauler 5 | . 2 . . . 3 . . . . . Recycler 5 | 1 2 1 . . . 1 . . . . Minesweeper 1 | . . . . . . . 1 . . . Operator 2 | . . . . . 1 1 . . . . Watcher 6 | . 3 . . . 3 . . . . . Swarmer 31 | . 3 10 . 3 12 . . 3 . . Grunt 15 | . 5 . . . 7 2 1 . . . Brawler 1 | . . . . . 1 . . . . . Duelist 1 | . . . . . 1 . . . . . Sentry 7 | . . . . . 6 1 . . . . Hunter 3 | . . . . . . 2 1 . . . Programmer 2 | . . . . . . 2 . . . . Decomposer 2 | . . . . . . . . 2 . . Best Kill Streak 10 | 3 6 4 . 3 10 3 1 3 . . Combat Bots Only 7 | . 3 3 . 3 7 2 1 3 . . Max Kills in Single Turn 3 | 1 3 2 . 2 3 1 1 1 . . Gunslinging . | . . . . . . . . . . . Exploded 2 | . 1 . . 2 2 . . . . . Melee 1 | . . . . . . 1 1 1 . . Uniques/NPCs Destroyed . | . . . . . . . . . . . Combat | -11 -10 -10 -10 -9 -8 -7 -7 -7 -7 -6 -------- Run | Yrd Mat Min Exi Min Mat Fac Low Low Zio Pro Hostile Shots Fired 415 | . 28 39 . 30 41 137 69 16 8 47 Missed 125 | . 5 14 . 2 11 50 17 4 5 17 Hits 290 | . 23 25 . 28 30 87 52 12 3 30 Melee 1 | . . . . . 1 . . . . . Projectile 289 | . 23 25 . 28 29 87 52 12 3 30 Critical Strikes 5 | . 1 . . . 1 1 2 . . . Damage Taken 3531 | . 300 202 . 240 437 947 836 170 46 353 Core 759 | . 76 22 . 52 61 107 258 71 17 95 Absorbed by Shields . | . . . . . . . . . . . Redirected to Shielding 9 | . . 9 . . . . . . . . Regen/Repaired (Parts) 43 | . . . . . 43 . . . . . Core Remaining (%) 76 | 100 . . . 40 88 . . . . . Volleys Fired 161 | 14 67 19 . 7 52 . . . 2 . Largest 3 | 2 2 2 . 2 3 . . . 1 . Hottest 175 | 80 100 125 . 125 175 . . . 60 . Shots Fired 315 | 28 103 38 . 12 132 . . . 2 . Gun 280 | 28 80 38 . 10 123 . . . 1 . Cannon . | . . . . . . . . . . . Launcher 3 | . . . . 2 . . . . 1 . Special 32 | . 23 . . . 9 . . . . . Kinetic . | . . . . . . . . . . . Thermal 113 | . 49 38 . 10 15 . . . 1 . Explosive 3 | . . . . 2 . . . . 1 . Electromagnetic 199 | 28 54 . . . 117 . . . . . Robot Hit Streak 12 | 6 6 4 . 3 11 . . . 12 . Robot Miss Streak 4 | 4 3 4 . 3 4 . . . 1 . Penetration Max . | . . . . . . . . . . . Secondary Targets 8 | . 2 2 . . 4 . . . . . Max Gunslinging Chain 1 | . 1 1 . . 1 . . . . . Shots Hit Robots 237 | 15 47 17 . 4 96 33 10 14 1 . Core Hits 120 | 6 27 13 . 4 56 6 1 6 1 . Critical Kills 1 | . . . . . . 1 . . . . Critical Parts Destroyed 6 | . . . . . . 4 2 . . . Critical Strikes 11 | . 1 2 . . . 6 2 . . . Burn 3 | . 1 2 . . . . . . . . Smash 8 | . . . . . . 6 2 . . . Melee Attacks 107 | . . . . . . 55 23 22 2 5 Impact 90 | . . . . . . 55 23 9 1 2 Slashing 14 | . . . . . . . . 13 1 . Piercing 3 | . . . . . . . . . . 3 Sneak Attacks 11 | . . . . . . 7 1 3 . . Combat Hostiles . | . . . . . . . . . . . Follow-up Attacks 15 | . . . . . . 8 3 4 . . Damage Inflicted 6858 | 217 1010 264 . 202 2327 1528 478 799 33 . Guns 3049 | 217 702 264 . 71 1795 . . . . . Cannons . | . . . . . . . . . . . Explosions 1004 | . 308 . . 131 532 . . . 33 . Melee 2805 | . . . . . . 1528 478 799 . . Ramming . | . . . . . . . . . . . Kinetic . | . . . . . . . . . . . Thermal 1485 | . 536 264 . 71 614 . . . . . Explosive 164 | . . . . 131 . . . . 33 . Electromagnetic 2404 | 217 474 . . . 1713 . . . . . Impact 2400 | . . . . . . 1528 478 394 . . Slashing 405 | . . . . . . . . 405 . . Piercing . | . . . . . . . . . . . Highest Corruption 3 | . . . . 3 . 2 2 2 2 . Average Corruption 1 | . . . . 3 . 1 2 2 2 . Corruption Purged . | . . . . . . . . . . . Corruption Blocked . | . . . . . . . . . . . Effects 31 | . . . . . . 4 10 14 3 . Message Errors 7 | . . . . . . . 3 3 1 . Matter Fused 4 | . . . . . . . 3 1 . . Heat Flow Errors 5 | . . . . . . 2 1 2 . . Energy Discharges 6 | . . . . . . 1 2 2 1 . Data Loss (minor) 6 | . . . . . . 1 1 4 . . Data Loss (major) 1 | . . . . . . . . 1 . . Alerts 2 | . . . . . . . . 1 1 . Overload Shots 1 | . . . . . . . . . 1 . Overflow Damage 946 | . 14 . . . 42 452 135 303 . . Projectiles . | . . . . . . . . . . . Explosions 56 | . 14 . . . 42 . . . . . Melee 890 | . . . . . . 452 135 303 . . Knockbacks 9 | . . . . . . 8 1 . . . Impact 9 | . . . . . . 8 1 . . . Kinetic . | . . . . . . . . . . . Secondary . | . . . . . . . . . . . Self-Inflicted Damage 120 | . 39 . . 18 63 . . . . . Shots 6 | . 1 . . 2 3 . . . . . Rammed . | . . . . . . . . . . . Targets Rammed . | . . . . . . . . . . . Kicked . | . . . . . . . . . . . Crushed . | . . . . . . . . . . . Highest Temperature 441 | 144 226 441 . 360 208 213 196 187 6 . Average Temperature 76 | 56 52 126 . 192 54 103 95 88 4 . Received Heat Transfer 945 | . 138 . . . 144 168 477 . . 18 Siege Activations . | . . . . . . . . . . . Martial Activations . | . . . . . . . . . . . Shielding Activations . | . . . . . . . . . . . Robots Disrupted . | . . . . . . . . . . . Combat Hostiles . | . . . . . . . . . . . Robots Corrupted 15 | . . . . . 6 7 2 . . . Combat Hostiles 8 | . . . . . 5 2 1 . . . Parts Fried 29 | 1 2 . . . 7 12 6 1 . . Impact Corruptions 34 | . . . . . . 21 6 7 . . Robots Melted . | . . . . . . . . . . . Combat Hostiles . | . . . . . . . . . . . Parts Melted 4 | . 2 2 . . . . . . . . Heat Transferred 3037 | . 1140 814 . 148 935 . . . . . Parts Sabotaged . | . . . . . . . . . . . Parts Stolen . | . . . . . . . . . . . Parts Stripped . | . . . . . . . . . . . Power Chain Reactions 12 | . 4 . . . 8 . . . . . Alert | -11 -10 -10 -10 -9 -8 -7 -7 -7 -7 -6 ------- Run | Yrd Mat Min Exi Min Mat Fac Low Low Zio Pro Maximum Alert Level 2 | . . . . . 2 1 . . . . Low Security (%) 88 | 100 100 100 . 100 67 80 . . . . Level 1 7 | . . . . . 15 19 . . . . Level 2 3 | . . . . . 17 . . . . . Level 3 . | . . . . . . . . . . . Level 4 . | . . . . . . . . . . . Level 5 . | . . . . . . . . . . . High Security . | . . . . . . . . . . . Max Security . | . . . . . . . . . . . Peak Influence 677 | 15 88 95 . 84 677 296 . . . . Initial 296 | . . . . . . 296 . . . . Average 91 | 1 22 26 . 21 193 163 . . . . Influence Increases 2209 | 25 356 240 . 94 1007 282 65 80 . 60 Destroy 0b10 Robot/C 1200 | . 160 200 . 60 540 140 40 60 . . Destroy 0b10 Robot/NC 200 | 25 60 10 . . 55 35 5 10 . . Destroy Leader 302 | . 40 30 . 10 132 60 20 10 . . Successful Hack 78 | . 32 . . . 38 8 . . . . Disable Machine 135 | . 30 . . 15 75 15 . . . . Destroy Structure 99 | . 34 . . 9 47 9 . . . . Lose Combat Pursuer 195 | . . . . . 120 15 . . . 60 Influence Decreases 2209 | 25 356 240 . 94 354 819 181 34 46 60 Entered New Map 447 | . . . . . . 357 44 . 46 . Time Decay 1680 | 25 336 240 . 94 354 452 113 34 . 32 Lost Part 82 | . 20 . . . . 10 24 . . 28 Squads Dispatched 8 | . 1 . . . 2 5 . . . . Investigation 1 | . . . . . . 1 . . . . Extermination 3 | . . . . . . 3 . . . . Reinforcement 4 | . 1 . . . 2 1 . . . . Assault . | . . . . . . . . . . . Garrison . | . . . . . . . . . . . Intercept . | . . . . . . . . . . . Searches Triggered . | . . . . . . . . . . . Construction Impeded 1 | . . . . . 1 . . . . . Haulers Reinforced . | . . . . . . . . . . . Active Scanning Responses . | . . . . . . . . . . . Cargo Convoy Interrupts . | . . . . . . . . . . . Stealth | -11 -10 -10 -10 -9 -8 -7 -7 -7 -7 -6 --------- Run | Yrd Mat Min Exi Min Mat Fac Low Low Zio Pro Distress Signals 5 | . 2 . . . 2 1 . . . . Communications Jammed . | . . . . . . . . . . . Distress Signals . | . . . . . . . . . . . Times Spotted 90 | . 14 10 . 3 37 10 5 3 1 7 Peak Tracking Total 7 | . 4 3 . 3 7 3 4 3 1 6 Tactical Retreats 9 | . . . . . 6 1 . . . 2 Traps | -11 -10 -10 -10 -9 -8 -7 -7 -7 -7 -6 ------- Run | Yrd Mat Min Exi Min Mat Fac Low Low Zio Pro Traps Triggered 1 | . . . . . . 1 . . . . Indirectly . | . . . . . . . . . . . Trap Hack Attempts . | . . . . . . . . . . . Triggered . | . . . . . . . . . . . Disarmed . | . . . . . . . . . . . Reprogrammed . | . . . . . . . . . . . Reused . | . . . . . . . . . . . Traps Extracted . | . . . . . . . . . . . Installed 3 | . . . . . . . 3 . . . Triggered . | . . . . . . . . . . . Machines | -11 -10 -10 -10 -9 -8 -7 -7 -7 -7 -6 ---------- Run | Yrd Mat Min Exi Min Mat Fac Low Low Zio Pro Machines Disabled 11 | . 2 . . 1 5 1 1 . 1 . Max in Single Turn 2 | . 1 . . 1 2 1 1 . 1 . Machines Repaired . | . . . . . . . . . . . Machines Dismantled . | . . . . . . . . . . . Machines Sabotaged . | . . . . . . . . . . . Overloaded Fab Kills . | . . . . . . . . . . . Hacking | -11 -10 -10 -10 -9 -8 -7 -7 -7 -7 -6 --------- Run | Yrd Mat Min Exi Min Mat Fac Low Low Zio Pro Machines Accessed 28 | . 10 . 1 1 10 5 1 . . . Terminals 15 | . 7 . . . 5 3 . . . . Fabricators . | . . . . . . . . . . . Repair Stations 2 | . 1 . . . 1 . . . . . Recycling Units 4 | . 2 . . . 1 1 . . . . Scanalyzers 3 | . . . . . 2 1 . . . . Garrison Access 1 | . . . . . 1 . . . . . Total Hacks 77 | . 31 . 4 1 22 18 1 . . . Successful 43 | . 16 . 4 1 13 8 1 . . . Failed 33 | . 15 . . . 8 10 . . . . Catastrophic 5 | . 1 . . . 2 2 . . . . Database Lockouts 1 | . . . . . 1 . . . . . Manual 34 | . 20 . . . 8 6 . . . . Terminals 53 | . 26 . . . 13 14 . . . . Fabricators . | . . . . . . . . . . . Repair Stations 5 | . 2 . . . 3 . . . . . Recycling Units 6 | . 3 . . . 1 2 . . . . Scanalyzers 6 | . . . . . 4 2 . . . . Garrison Access 1 | . . . . . 1 . . . . . Terminal Hacks 25 | . 9 . 4 1 5 5 1 . . . Record 5 | . . . 4 . . . 1 . . . Part Schematic 2 | . 1 . . . 1 . . . . . Robot Analysis 5 | . 3 . . . 2 . . . . . Prototype ID Bank 4 | . 2 . . . . 2 . . . . Open Door 1 | . . . . 1 . . . . . . Branch Access Points 1 | . . . . . 1 . . . . . Terminal Index 1 | . 1 . . . . . . . . . Alert Level 1 | . . . . . . 1 . . . . Locate Traps 1 | . 1 . . . . . . . . . Hauler Manifests 2 | . 1 . . . 1 . . . . . Zone Layout 2 | . . . . . . 2 . . . . Fabricator Hacks . | . . . . . . . . . . . Repair Station Hacks 3 | . 1 . . . 2 . . . . . Scan Component 2 | . 1 . . . 1 . . . . . Repair 1 | . . . . . 1 . . . . . Recycling Unit Hacks 3 | . 2 . . . 1 . . . . . Retrieve Components 3 | . 2 . . . 1 . . . . . Scanalyzer 4 | . . . . . 2 2 . . . . Insert Component 2 | . . . . . 1 1 . . . . Analyze 2 | . . . . . 1 1 . . . . Garrison Access Hacks . | . . . . . . . . . . . Unauthorized Hacks 8 | . 4 . . . 3 1 . . . . Terminals 8 | . 4 . . . 3 1 . . . . Botnet 7 | . 3 . . . 3 1 . . . . Operators 1 | . 1 . . . . . . . . . Fabricators . | . . . . . . . . . . . Repair Stations . | . . . . . . . . . . . Recycling Units . | . . . . . . . . . . . Scanalyzers . | . . . . . . . . . . . Garrison Access . | . . . . . . . . . . . Data Cores Recovered . | . . . . . . . . . . . Used . | . . . . . . . . . . . Hacking Detections 22 | . 9 . . . 8 5 . . . . Full Trace Events 2 | . 1 . . . . 1 . . . . Feedback Events . | . . . . . . . . . . . Feedback Blocked . | . . . . . . . . . . . Robot Schematics Acquired 3 | . . . . . . . . . 3 . Robots Built . | . . . . . . . . . . . Authchips . | . . . . . . . . . . . Time . | . . . . . . . . . . . Total Robot Build Rating . | . . . . . . . . . . . Part Schematics Acquired 19 | . 1 . . . 2 1 . . 15 . Parts Built . | . . . . . . . . . . . Authchips . | . . . . . . . . . . . Time . | . . . . . . . . . . . Total Part Build Rating . | . . . . . . . . . . . Parts Repaired 1 | . . . . . 1 . . . . . Time 26 | . . . . . 26 . . . . . Parts Recycled . | . . . . . . . . . . . Recycled Matter . | . . . . . . . . . . . Retrieved Matter . | . . . . . . . . . . . Retrieved Components 14 | . 10 . . . 4 . . . . . Parts Scanalyzed 2 | . . . . . 1 1 . . . . Part Schematics Acquired 2 | . . . . . 1 1 . . . . Parts Damaged . | . . . . . . . . . . . Bothacking | -11 -10 -10 -10 -9 -8 -7 -7 -7 -7 -6 ------------ Run | Yrd Mat Min Exi Min Mat Fac Low Low Zio Pro Used RIF Installer . | . . . . . . . . . . . Robots Hacked . | . . . . . . . . . . . Non-combat . | . . . . . . . . . . . Combat . | . . . . . . . . . . . Robot Hacks Applied . | . . . . . . . . . . . Relay Couplers Released . | . . . . . . . . . . . Fabnet Peak Effective % . | . . . . . . . . . . . Robots Rewired . | . . . . . . . . . . . Allies Hacked . | . . . . . . . . . . . Hacks Repelled . | . . . . . . . . . . . Allies | -11 -10 -10 -10 -9 -8 -7 -7 -7 -7 -6 -------- Run | Yrd Mat Min Exi Min Mat Fac Low Low Zio Pro Total Allies 2 | . . 2 . . . . . . . . Largest Group 2 | . . 2 2 . . . . . . . Highest-Rated Group 52 | . . 52 52 . . . . . . . Highest-Rated Ally 31 | . . 31 31 . . . . . . . Total Orders 4 | . . . . 1 . . . . . 3 ROAM 1 | . . . . . . . . . . 1 FOLLOW 1 | . . . . . . . . . . 1 RETURN 2 | . . . . 1 . . . . . 1 Ally Attacks . | . . . . . . . . . . . Total Damage . | . . . . . . . . . . . Kills . | . . . . . . . . . . . Allies Corrupted . | . . . . . . . . . . . Allies Melted . | . . . . . . . . . . . Intel | -11 -10 -10 -10 -9 -8 -7 -7 -7 -7 -6 ------- Run | Yrd Mat Min Exi Min Mat Fac Low Low Zio Pro Active Infowar (turns) 8874 | 45 1545 154 . . 1194 1129 796 909 2350 752 Sensors 1 | . . 1 . . . . . . . . Seismic 8668 | 45 1545 153 . . 1194 924 796 909 2350 752 Jamming 640 | . . . . . 4 636 . . . . Robot Analysis Total 5 | . 3 . . . 2 . . . . . Derelict Logs Recovered 5 | . . . . 1 . . 2 1 1 . Drone Launches 9 | . . . . 1 . . . . . 8 Drone Recoveries 9 | . . . . 1 . . . . . 8 Exploration | -11 -10 -10 -10 -9 -8 -7 -7 -7 -7 -6 ------------- Run | Yrd Mat Min Exi Min Mat Fac Low Low Zio Pro Turns Passed 10569 | 156 1549 848 430 376 1197 1129 838 910 2354 782 Spaces Moved 5437 | 81 894 392 227 184 726 585 398 370 1152 428 Core 128 | 2 . . . . . . 5 121 . . Treads 16 | . . . . . . . . . . 16 Legs 4569 | 79 894 392 227 184 53 534 393 249 1152 412 Wheels 724 | . . . . . 673 51 . . . . Hover . | . . . . . . . . . . . Flight . | . . . . . . . . . . . Fastest Speed 50 | 50 120 190 190 190 100 115 190 120 120 120 Average Speed 155 | 118 131 190 190 190 115 150 195 228 134 177 Slowest Speed 500 | 120 190 190 190 190 190 193 500 450 190 190 Overloaded Moves . | . . . . . . . . . . . Propulsion Burnouts . | . . . . . . . . . . . Robots Hopped . | . . . . . . . . . . . Potential Cave-ins . | . . . . . . . . . . . Cave-ins Triggered . | . . . . . . . . . . . Exploration Rate (%) 55 | 4 95 63 63 56 59 13 66 48 83 64 Regions Visited 10 Branch Regions 7 Pre-discovered Areas 5 | . . 1 1 1 . . . . 2 . Known Exits Taken 3 | . . . . . . 1 1 1 . . Unknown Exits Taken 7 | 1 1 1 1 1 1 . . . 1 . Scrap Searched 9 | . . 3 . 1 . . 2 2 1 . Spaces Dug 34 | . 15 . . . 6 9 1 . . 3 Terrain Destroyed 107 | . 34 . . 13 46 9 1 . 1 3 Melee 13 | . . . . . . 9 1 . . 3 Projectile 32 | . 23 . . . 9 . . . . . AOE 62 | . 11 . . 13 37 . . . 1 . Terrain Rammed . | . . . . . . . . . . . Walls Destroyed . | . . . . . . . . . . . Machines Disabled . | . . . . . . . . . . . Actions | -11 -10 -10 -10 -9 -8 -7 -7 -7 -7 -6 --------- Run | Yrd Mat Min Exi Min Mat Fac Low Low Zio Pro Total 7062 | 108 1116 454 226 197 970 757 432 402 1956 444 Wait 1154 | . 102 28 . 2 128 88 11 5 779 11 Move 5427 | 80 893 391 226 183 725 584 397 369 1151 428 Hop . | . . . . . . . . . . . Pick Up 52 | 5 14 2 . . 19 5 1 2 4 . Fast Attach 30 | 7 2 1 . 1 3 5 1 5 5 . Attach 15 | . 1 . . . 4 7 . 2 1 . Detach 8 | . . . . . 4 3 . . 1 . Swap 76 | 2 24 10 . 3 18 9 1 2 5 2 Drop 58 | . 13 3 . 1 17 15 2 . 7 . Fire 161 | 14 67 19 . 7 52 . . . 2 . Melee 78 | . . . . . . 41 16 17 1 3 Ram . | . . . . . . . . . . . Kick . | . . . . . . . . . . . Crush . | . . . . . . . . . . . Escape Stasis . | . . . . . . . . . . . Rewire . | . . . . . . . . . . . Trap 3 | . . . . . . . 3 . . . Miscellaneous . | . . . . . . . . . . . Route ------- -11/Scrapyard -10/Materials (discovered 4 exits: [*Mat x3] / [*Min]) -10/Mines (discovered 4 exits: [*Mat x2] / *Exi / [*Sub]) -10/Exiles -9/Mines -8/Materials (discovered 2 exits: *Fac x2) -7/Factory -7/Lower Caves -7/Lower Caves (discovered 2 exits: *Fac / *Zio) -7/Zion -6/Proximity Caves History --------- Turn | Location | Event 7 | -11/Scrapyard | Discovered new exit (range 16) 157 | -11/Scrapyard | Entered Materials 314 | -10/Materials | Build established: Mutant 429 | -10/Materials | Discovered new exit (range 10) 657 | -10/Materials | Derelicts attacked the area 731 | -10/Materials | Discovered new exit (range 6) 816 | -10/Materials | Discovered new exit (range 10) 990 | -10/Materials | Discovered new exit (range 11) 1706 | -10/Materials | Entered Mines 1715 | -10/Mines | Met a Derelict bent on vengeance 1994 | -10/Mines | Discovered new exit (range 3) 2040 | -10/Mines | Discovered new exit (range 11) 2109 | -10/Mines | Learned location of Storage (-9) 2419 | -10/Mines | Found a damaged Exp. Sensor Array with a note attached 2448 | -10/Mines | Found Prototype Device 2448 | -10/Mines | Identified Exp. Sensor Array 2498 | -10/Mines | Discovered new exit (range 8) 2538 | -10/Mines | Deemed a non-threat by the Exiles lab entrance 2538 | -10/Mines | Discovered new exit (range 5) 2554 | -10/Mines | Entered Exiles 2554 | -10/Exiles | Accompanied by 2 allies 2584 | -10/Exiles | Led the pair of lost Derelicts to a safe place 2600 | -10/Exiles | Met 8R-AWN 2632 | -10/Exiles | Met EX-HEX 2701 | -10/Exiles | Met EX-BIN 2760 | -10/Exiles | Met EX-DEC 2771 | -10/Exiles | Learned location of Zion (-7) 2959 | -10/Exiles | Discovered new exit (range 14) 2984 | -10/Exiles | Entered Mines 2994 | -9/Mines | Core integrity fell below 50% 3290 | -9/Mines | Discovered new exit (range 9) 3315 | -9/Mines | Found the Drone Emporium 3328 | -9/Mines | Found Prototype Device 3328 | -9/Mines | Identified Sensor Drone Bay 3360 | -9/Mines | Entered Materials 3360 | -8/Materials | Evolved 4 slots: Propulsion x2, Utility x1, Weapon x1 3402 | -8/Materials | Repaired Med. Laser? 3683 | -8/Materials | Central database locked down 3748 | -8/Materials | Build established: Gunner 3923 | -8/Materials | Discovered new exit (range 12) 4425 | -8/Materials | Destroyed 7 combat bots 4469 | -8/Materials | Discovered new exit (range 14) 4557 | -8/Materials | Entered Factory 4557 | -7/Factory | Evolved 2 slots: Power x1, Utility x1 4929 | -7/Factory | Build established: Scavenger-Mutant 5076 | -7/Factory | Discovered new exit (range 13) 5386 | -7/Factory | Build established: Mutant 5676 | -7/Factory | Identified exit to Lower Caves 5686 | -7/Factory | Entered Lower Caves 5696 | -7/Lower Caves | Learned Factory emergency access door positions 6120 | -7/Lower Caves | Entered a destroyed Warlord outpost 6363 | -7/Lower Caves | Learned Factory terminal intel 6501 | -7/Lower Caves | Discovered new exit (range 5) 6519 | -7/Lower Caves | Identified exit to Lower Caves 6524 | -7/Lower Caves | Core integrity fell below 50% 6524 | -7/Lower Caves | Entered another Lower Caves area 6525 | -7/Lower Caves | Discovered new exit (range 10) 6550 | -7/Lower Caves | Lost 5 parts (1p2n1u1w) 6591 | -7/Lower Caves | Learned Factory emergency access door positions 6661 | -7/Lower Caves | Identified exit to Factory 6716 | -7/Lower Caves | Encountered a Warlord checkpoint 7421 | -7/Lower Caves | Discovered new exit (range 8) 7433 | -7/Lower Caves | Identified exit to Zion 7434 | -7/Lower Caves | Entered Zion 7517 | -7/Zion | Discovered new exit (range 10) 7616 | -7/Zion | System corruption cleaned by Quarantine Array 7716 | -7/Zion | Build established: Scavenger-Mutant 7730 | -7/Zion | Found Prototype Device 7730 | -7/Zion | Identified Bomb Factory No. 2 7984 | -7/Zion | Learned Factory garrison access intel 8051 | -7/Zion | Found Prototype Launcher 8051 | -7/Zion | Identified Rocket Array 8058 | -7/Zion | Found Prototype Launcher 8058 | -7/Zion | Identified Gui. Missile Launcher 9398 | -7/Zion | Found CR-A16's Pointy Stick 9512 | -7/Zion | Met Imprinter 9632 | -7/Zion | Given the Hacking Drone Bay 9633 | -7/Zion | Found Prototype Device 9691 | -7/Zion | Build established: Scavenger-Gladiator 9788 | -7/Zion | Entered Proximity Caves 10094 | -6/Proximity Caves | Build established: Scavenger-Mutant 10541 | -6/Proximity Caves | Attracted the attention of an 0b10 checkpoint 10570 | -6/Proximity Caves | Self-destructed Last Messages --------------- LOCATION=UNKNOWN GOAL=ESCAPE 09791_ Sensor Drone released from Sensor Drone Bay. 09960_ Sensor Drone retrieved by Sensor Drone Bay (no repairs). 10003_ Sensor Drone released from Sensor Drone Bay. 10009_ Sensor Drone retrieved by Sensor Drone Bay (no repairs). 10287_ Sensor Drone released from Sensor Drone Bay. 10443_ Sensor Drone retrieved by Sensor Drone Bay (no repairs). 10540_ Imp. Deuterium Engine destroyed. 10540_ Seismic Detector destroyed. 10541_ Y-54 Guardian: "INTERCEPTING UNREGISTERED DERELICT." 10542_ Flexi-carbon Leg destroyed. 10543_ Myomer Leg destroyed. Map ----- +----------------------------------------------------+ | | | | | ?????????????????????????????????????????????????? | | ?????????????????????????????????????????????????? | | ?????????????????????????????????????????????????? | | ?????????????????????????????????????????????????? | | ?????????????????????????????????????????????????? | | ?????????????????????????????????????????????????? | | ?????????????????????????????????????????????????? | | ?????????????????????????????????????????????????? | | ?????????????????????????????????????????????????? | | ?????????????????????????????????????????????????? | | ?????????????????????????????????????????????????? | | ?????????????????????????????????????????????????? | | ?????????????????????????????????????????????????? | | ?????????????????????????????????????????????????? | | ??????????????????###????????????????????????????? | | ?????????????????## #?????######?????????????????? | | ?????????????????# ????? ##????????????????? | | ?????????????????# #????? ##### ??????????? | | ????????????????## #????? ??????????? | | ?????????????#### ##???? s?????????? | | ????????????## ##### ?????????? | | ????????????# #??????????? | | ????###?????# #???????????? | | ???## ##??## @ #???????????? | | ???# ??# ????????? | | ??## ### s ## ##########???????????? | | ??# Ys ###### #????????????????????? | | #?# ###????# #????????????????????? | | ##?# #??????# #????????????????????? | | #?#### #??????## #???????????????????? | | #????### ####???????## #???????????????????? | | ##??????## #???????????? #???????????????????? | | #????????# #####???????? #???????????????????? | | #?######## ## #?? ???????????????????? | | ### ## #?? ??????????????????? | | ## #?? ?????????????????? | | # ## ??????????????????? | | ### ## ???##???????????????????? | | ### ######## ????????????????????????? | | ## #???????# ????????????????????????? | | #????????#### ?????????????????????????? | | #???????????? ?????????????????????????? | | #??????????? ??????????????????????????? | | #??????????? ??????????????????????????? | | #????????????????????????????????????????? | | ##????????????????????????????????????????? | | # ##?????????????????????????????????????????? | | # #??????????????????????????????????????????? | +----------------------------------------------------+ Best States ------------- Heat Dissipation 56 Energy Generation 24 Energy Capacity 440 Matter Stores 300 Matter Capacity 300 Sight Range 16 Terrain Scan Density 10 Jamming Range 12 Armor Coverage 225 Weapon Shielding 33 Melee Speed Boost 20 Evasion (%) 55 Core Analysis 6 Recoil Reduction 2 Authchip Count 1 Item Schematics ----------------- Hcp. Storage Unit | -10/Materials | Hacked Carbon-fiber Leg | -8/Materials | Hacked Imp. Propulsion Shielding | -8/Materials | Scanalyzed Arm. Huge Wheel | -7/Factory | Scanalyzed Thermal Shield | -7/Zion | Archive Core Analyzer | -7/Zion | Archive Imp. Coolant Injector | -7/Zion | Archive Imp. Thermal Shield | -7/Zion | Archive Weapon Cycler | -7/Zion | Archive Imp. Hardlight Generator | -7/Zion | Archive Corruption Screen | -7/Zion | Archive Imp. Trap Scanner | -7/Zion | Archive Lightning Gun | -7/Zion | Archive Adv. Sensor Array | -7/Zion | Archive Shock Absorption System | -7/Zion | Archive Jamming Amplifier | -7/Zion | Archive Drone Bay | -7/Zion | Archive Greatsword | -7/Zion | Archive Lrn. Phase Cannon | -7/Zion | Archive Robot Schematics ------------------ R-06 Scavenger | -7/Zion | Archive L-41 Fighter | -7/Zion | Archive K-01 Serf | -7/Zion | Archive Fabricated ------------ Nothing Repaired ---------- Med. Laser | 38% | -8/Materials Alien Tech Used ----------------- None Achievements -------------- None Challenges ------------ None Game ------ Seed RestorationSubdwellerCorpse Manual? 0 Play Time 01:12:40 Cumulative 212.4 hours Start 2025.08.02 @ 10:55:42 End 2025.08.02 @ 12:54:56 Sessions 3 Manual Loads 0 Difficulty Rogue Special Mode None Game No. 149 Rogue 149 Adventurer 0 Explorer 0 Win Type - Total 2 Types 2/0/0/0/0/0/0/0/0/0 Lore% 66 Gallery% 62 Achievement% 54 Wizard Run 0 Options --------- Layout 1 ASCII 0 Keyboard 0 Movement Mouse Keybinds 0 Fullscreen 1 Font 32/SmallcapsGlow Map View 50x35 Zoom Use 0% Tactical HUD 1 Map Filters NONE Filters NONE Steam 1 RUN: 0ab7800a-3b25-43f5-81f5-1aa116926937